AoeStats
← 阿酷丶

Arena

510262527Analyzed
4v4 RM · 19h ago on Sep 30, 2026· 53m 6s· 8 players
Game mode
Random Map
Map size
Large (8 player)
Population
200
Speed
Normal
Resources
Standard
Victory
Conquest
Starting age
Dark Age
Ending age
Imperial Age
RankedLock teamsTeams togetherTeam positionsShared explorationLock speedFull tech treeHidden civsTurbo modeCheats
Victory
Defeat
🇦🇺 Bohemians · Australia
1164
+14
🇨🇳 Huns · China
1157
+14
🇨🇳 Franks · China
1155
+14
🇲🇽 Spanish · Mexico
1085
+18
🇨🇳 Mongols · China
1151
-16
🇨🇳 Dravidians · China
1115
-15
🇨🇳 Spanish · China
1107
-15
🇹🇼 Vietnamese · Taiwan
1091
-14
big niao
5:15 Loom
8:41 Feudal Age
9:23 Horse Collar
9:31 Double-Bit Axe
16:58 Castle Age
15:31 Stone Mining
28:17 Gold Mining
28:54 Fletching
29:59 Bow Saw
30:57 Wheelbarrow
31:01 Heavy Plow
31:53 Padded Archer Armor
36:13 Imperial Age
3345678
10:19 Feudal Age
11:04 Double-Bit Axe
16:00 Castle Age
15:34 Double-Bit Axe
17:25 Bow Saw
18:25 Horse Collar
20:54 Heavy Plow
21:37 Wheelbarrow
23:58 Gold Mining
23:59 Stone Mining
24:29 Hand Cart
31:01 Imperial Age
28:20 Loom
28:22 Town Watch
29:40 Elite Skirmisher
30:18 Fletching
30:28 Padded Archer Armor
31:00 Thumb Ring
30:59 Scale Mail Armor
31:09 Forging
31:06 Scale Barding Armor
30:57 Bodkin Arrow
31:09 Imperial Skirmisher
33:20 Elite Fire Lancer
33:46 Arson
33:22 Pikeman
34:02 Squires
35:10 Bloodlines
35:00 Husbandry
37:07 Town Patrol
38:52 Stone Shaft Mining
39:03 Halberdier
40:41 Crop Rotation
41:13 Two-Man Saw
43:57 Elite Battle Elephant
46:04 Paper Money
46:24 Forging
46:34 Chain Barding Armor
46:14 Bracer
46:30 Leather Archer Armor
46:31 Chain Mail Armor
46:52 Ballistics
46:13 Treadmill Crane
47:35 Chemistry
48:15 Iron Casting
48:56 Light Cavalry
XGPU1741
10:45 Feudal Age
15:13 Castle Age
13:05 Double-Bit Axe
16:20 Bow Saw
16:21 Horse Collar
17:05 Heavy Plow
18:30 Loom
22:28 Wheelbarrow
21:46 Stone Mining
24:09 Hand Cart
24:17 Gold Mining
30:01 Imperial Age
27:08 Pikeman
28:03 Forging
27:48 Fletching
28:25 Ballistics
28:28 Squires
28:47 Bodkin Arrow
29:29 Iron Casting
28:56 Scale Mail Armor
28:58 Padded Archer Armor
30:49 Medical Corps
32:00 Chemistry
31:02 Bracer
32:06 Blast Furnace
30:28 Halberdier
31:39 Conscription
31:58 Chain Mail Armor
32:00 Leather Archer Armor
32:12 Thumb Ring
32:01 Elite Skirmisher
35:10 Town Watch
34:54 Elite Elephant Archer
36:09 Ring Archer Armor
36:13 Plate Mail Armor
35:44 Husbandry
37:45 Man-at-Arms
38:10 Gambesons
41:48 Wootz Steel
42:37 Two-Man Saw
42:33 Imperial Skirmisher
44:09 Long Swordsman
44:37 Arson
45:02 Scale Barding Armor
45:25 Two-Handed Swordsman
46:06 Champion
50:27 Caravan
三脚猫功夫
10:08 Feudal Age
12:37 Loom
16:41 Castle Age
15:20 Stone Mining
15:16 Double-Bit Axe
15:39 Horse Collar
25:00 Wheelbarrow
29:06 Imperial Age
27:38 Gold Mining
29:49 Ballistics
30:37 Bow Saw
30:58 Heavy Plow
31:27 Bloodlines
32:55 Chemistry
33:56 Hand Cart
34:46 Conscription
35:38 Padded Archer Armor
42:12 Leather Archer Armor
45:43 Husbandry
47:02 Forging
48:58 Stone Shaft Mining
49:26 Two-Man Saw
48:02 Cavalier
49:30 Scale Barding Armor
51:23 Caravan
阿酷丶
11:02 Feudal Age
9:18 Loom
9:21 Loom
12:03 Loom
14:58 Castle Age
13:33 Double-Bit Axe
15:57 Wheelbarrow
16:34 Bow Saw
28:03 Imperial Age
26:12 Hand Cart
25:48 Gold Mining
26:23 Husbandry
26:29 Scale Barding Armor
26:26 Stone Mining
27:03 Forging
28:05 Chain Barding Armor
29:13 Iron Casting
28:13 Cavalier
29:35 Plate Barding Armor
29:34 Paladin
31:24 Gold Shaft Mining
33:38 Conscription
35:27 Blast Furnace
38:12 Squires
37:58 Gambesons
37:58 Arson
37:34 Pikeman
38:16 Scale Mail Armor
41:17 Halberdier
42:53 Chain Mail Armor
45:40 Fletching
45:51 Padded Archer Armor
46:21 Plate Mail Armor
46:32 Bodkin Arrow
48:12 Chemistry
47:33 Ballistics
47:23 Fortified Wall
47:09 Murder Holes
46:55 Treadmill Crane
47:25 Masonry
47:09 Capped Ram
48:24 Leather Archer Armor
52:18 Coinage
51:49 Caravan
52:52 Chivalry
DF.FISH
5:09 Loom
10:27 Feudal Age
14:39 Castle Age
12:53 Horse Collar
13:40 Double-Bit Axe
14:57 Loom
20:36 Heavy Plow
20:57 Loom
21:45 Bow Saw
23:58 Wheelbarrow
24:07 Gold Mining
27:59 Imperial Age
25:29 Fletching
25:39 Padded Archer Armor
26:18 Stone Mining
27:03 Gold Shaft Mining
26:57 Bodkin Arrow
27:18 Leather Archer Armor
27:14 Forging
27:10 Scale Barding Armor
28:16 Scale Barding Armor
28:35 Hand Cart
28:05 Town Watch
30:31 Chemistry
30:08 Iron Casting
30:37 Parthian Tactics
30:27 Bloodlines
30:18 Husbandry
30:40 Bracer
31:08 Conscription
31:42 Marauders
32:35 Heavy Cavalry Archer
34:33 Thumb Ring
35:08 Chain Barding Armor
37:20 Blast Furnace
36:56 Plate Barding Armor
37:16 Elite Tarkan
46:08 Caravan
46:52 Elite Skirmisher
47:36 Light Cavalry
49:23 Hussar
Bread
10:32 Feudal Age
14:15 Castle Age
12:37 Double-Bit Axe
21:43 Fervor
22:56 Wheelbarrow
24:15 Horse Collar
24:28 Pikeman
25:46 Sanctity
25:49 Fletching
26:56 Hand Cart
27:20 Bodkin Arrow
27:51 Bow Saw
28:59 Chemistry
29:17 Squires
29:42 Scale Mail Armor
29:52 Forging
33:45 Imperial Age
31:30 Masonry
31:39 Heavy Plow
31:34 Arson
32:29 Iron Casting
32:02 Town Watch
32:03 Loom
33:12 Padded Archer Armor
33:29 Chain Mail Armor
32:44 Elite Skirmisher
33:59 Ballistics
34:10 Halberdier
36:38 Bracer
36:02 Houfnice
37:48 Plate Mail Armor
41:11 Leather Archer Armor
44:55 Ring Archer Armor
46:03 Siege Engineers
46:56 Wagenburg Tactics
humbertoliva
2:13 Loom
10:52 Feudal Age
9:07 Loom
15:45 Castle Age
26:35 Double-Bit Axe
30:48 Wheelbarrow
29:54 Horse Collar
31:04 Heavy Plow
31:00 Gold Mining
32:59 Hand Cart
33:17 Bow Saw
39:36 Imperial Age
37:08 Pikeman
37:48 Squires
41:19 Chemistry
40:40 Ballistics
42:33 Forging
42:23 Scale Mail Armor
42:35 Elite Skirmisher
43:21 Padded Archer Armor
43:13 Fletching
43:42 Chain Mail Armor
44:46 Theocracy
45:50 Iron Casting
45:45 Plate Mail Armor
45:21 Scale Barding Armor
45:32 Leather Archer Armor
45:13 Bodkin Arrow
46:48 Two-Man Saw
45:27 Halberdier
48:42 Blast Furnace
47:42 Bracer
48:14 Ring Archer Armor
48:07 Chain Barding Armor
50:28 Plate Barding Armor
49:56 Caravan
52:36 Inquisition
51:57 Elite Conquistador
53:36 Atonement
53:48 Redemption
53:51 Fervor
Connection lost

Rejoining the realm…

Still unreachable

The connection could not be restored.

Session expired

The server has moved on; the page needs a fresh start.